AoeStats
← [Massa] Edo

Black Forest

510458645Analyzed
2v2 RM · 2d ago on Oct 1, 2026· 46m 48s· 4 players
Game mode
Random Map
Map size
Medium (4 player)
Population
200
Speed
Normal
Resources
Standard
Victory
Conquest
Starting age
Dark Age
Ending age
Imperial Age
RankedLock teamsTeams togetherTeam positionsShared explorationLock speedFull tech treeHidden civsTurbo modeCheats
Victory
Defeat
🇧🇷 Tatars · Brazil
1416
+20
🇧🇷 Goths · Brazil
1410
+20
🇨🇦 Mongols · Canada
1548
-22
🇨🇦 Maya · Canada
1452
-18
[Massa] Edo
0:29 Loom
10:24 Feudal Age
10:34 Man-at-Arms
11:17 Double-Bit Axe
14:55 Horse Collar
18:13 Town Watch
19:58 Wheelbarrow
22:27 Castle Age
20:33 Gold Mining
21:45 Forging
21:40 Scale Mail Armor
25:23 Bow Saw
32:11 Imperial Age
30:35 Heavy Plow
30:27 Stone Mining
31:02 Chain Mail Armor
32:06 Iron Casting
31:49 Squires
32:27 Anarchy
33:26 Conscription
34:16 Chemistry
35:35 Blast Furnace
38:06 Devotion
39:35 Elite Huskarl
42:52 Hand Cart
46:18 Perfusion
tg
2:31 Loom
11:55 Feudal Age
15:52 Town Watch
16:30 Double-Bit Axe
21:37 Castle Age
20:39 Scale Barding Armor
20:51 Horse Collar
21:02 Gold Mining
21:48 Bloodlines
22:48 Bow Saw
23:33 Light Cavalry
39:59 Imperial Age
41:05 Wheelbarrow
42:18 Chain Barding Armor
44:40 Plate Barding Armor
43:55 Fletching
TE MS MOE
0:26 Loom
11:37 Feudal Age
12:01 Man-at-Arms
12:58 Double-Bit Axe
19:18 Town Watch
22:06 Castle Age
20:16 Stone Mining
20:22 Gold Mining
23:25 Wheelbarrow
23:58 Bow Saw
24:22 Fletching
25:34 Bodkin Arrow
28:21 Padded Archer Armor
31:06 Ballistics
35:01 Imperial Age
33:36 Leather Archer Armor
35:52 Hand Cart
36:56 Chemistry
36:01 Bracer
41:27 Ring Archer Armor
43:01 Coinage
42:44 Horse Collar
LetsGOGOGO
0:51 Loom
10:53 Feudal Age
11:29 Man-at-Arms
18:13 Town Watch
20:08 Fletching
23:24 Castle Age
22:51 Padded Archer Armor
23:16 Town Watch
23:31 Crossbowman
25:58 Town Watch
29:49 Bodkin Arrow
33:11 Wheelbarrow
34:27 Hand Cart
38:54 Fortified Wall
43:26 Scale Barding Armor
Connection lost

Rejoining the realm…

Still unreachable

The connection could not be restored.

Session expired

The server has moved on; the page needs a fresh start.